[Event "Team 45 45 League T24"]
[Site "Internet Chess Club"]
[Date "2004.10.10"]
[Round "5"]
[White "zota"]
[Black "Beats20Cents"]
[Result "1-0"]
[WhiteElo "1926"]
[BlackElo "1811"]
[TimeControl "2700+45"]

1. e4 e5 2. Nf3 Nc6 3. Bb5 a6 4. Ba4 Nf6 5. d4 exd4 6. O-O Bc5 7. e5 Ne4 8. Re1
Nxf2 9. Kxf2 d3+ 10. Kf1 dxc2 11. Bxc2 O-O 12. Nc3 d6 13. Ne4 Bb4 14. Bd2 Bg4
15. Bxb4 Nxb4 16. Bb3 Bxf3 17. Qxf3 dxe5 18. Rad1 Qe7 19. Qc3 Nc6 20. Kg1 Kh8
21. Nc5 Rad8 22. Nxb7 Rxd1 23. Bxd1 Qf6 24. Na5 Nxa5 25. Qxa5 e4 26. Rxe4 Qxb2
27. Qb4 Qxb4 28. Rxb4 g6 29. Rc4 Rd8 30. Bb3 Rd7 31. Rc6 f5 32. Rxa6 c5 33. Rc6
{Black resigns} 1-0

[Event "Team 45 45 League T24"]
[Site "Internet Chess Club"]
[Date "2004.10.08"]
[Round "5"]
[White "Rookmaster"]
[Black "JSC"]
[Result "0-1"]
[WhiteElo "1809"]
[BlackElo "1930"]
[TimeControl "2700+45"]

1. e4 c6 2. d4 d5 3. Nc3 dxe4 4. Nxe4 Bf5 5. Ng3 Bg6 6. N1e2 Nf6 7. Nf4 e6 8.
Nxg6 hxg6 9. Be3 Nbd7 10. Qd2 a5 11. Be2 Bd6 12. O-O-O b5 13. Bg5 Qb6 14. Bf3 b4
15. c4 Qa6 16. c5 Bc7 17. Be2 Qb7 18. Bf4 Bxf4 19. Qxf4 Nd5 20. Qf3 N7f6 21. Bc4
Rh4 22. Ne2 a4 23. g3 Rh7 24. Rd3 g5 25. h3 Ke7 26. b3 a3 27. Rdd1 Rah8 28. h4
gxh4 29. Rxh4 Rxh4 30. gxh4 Rxh4 31. Qg3 Rh7 32. f3 Qc7 33. Qxc7+ Nxc7 34. Nf4
Rh4 35. Ng2 Rh3 36. Ne1 Ncd5 37. Kd2 Rh2+ 38. Kd3 Nc3 39. Ra1 Rh1 40. Ke3 Nxa2
41. Kf2 Nc3 42. Kg2 Rh4 43. Nc2 Nfd5 44. Kg3 Rh8 45. Bxd5 Nxd5 46. Nxb4 Nxb4 47.
Rxa3 Rd8 48. Ra7+ Kf6 {White resigns} 0-1

[Event "Team 45 45 League T24"]
[Site "Internet Chess Club"]
[Date "2004.10.10"]
[Round "5"]
[White "fernbap"]
[Black "OxidisedLizard"]
[Result "1/2-1/2"]
[WhiteElo "1740"]
[BlackElo "1769"]
[TimeControl "2700+45"]

1. Nf3 Nf6 2. c4 g6 3. b4 Bg7 4. Bb2 d6 5. d4 O-O 6. g3 Nbd7 7. Qc2 Ne8 8. Bg2
e5 9. dxe5 Nxe5 10. Nxe5 dxe5 11. O-O f5 12. Rd1 Qg5 13. h4 Qg4 14. Bf3 {Game
drawn by mutual agreement} 1/2-1/2

[Event "Team 45 45 League T24"]
[Site "Internet Chess Club"]
[Date "2004.10.08"]
[Round "5"]
[White "Falhari"]
[Black "fileman"]
[Result "1/2-1/2"]
[WhiteElo "1986"]
[BlackElo "2057"]
[TimeControl "2700+45"]

1. Nf3 Nc6 2. c4 e5 3. Nc3 Bc5 4. g3 a5 5. Bg2 d6 6. O-O Nge7 7. e3 O-O 8. d4
exd4 9. exd4 Bb6 10. Bg5 f6 11. Be3 d5 12. b3 Be6 13. c5 Ba7 14. h3 Ng6 15. Kh2
Nce7 16. Re1 Bf7 17. Qd3 c6 18. Ne2 Bb8 19. a3 Bc7 20. b4 Qd7 21. Nc3 axb4 22.
axb4 Nf5 23. Bd2 Nfh4 24. Nxh4 Nxh4 25. Bh1 Bg6 26. Qf1 Qf5 27. Rxa8 Rxa8 28.
Qe2 Re8 29. Qf1 Nf3+ 30. Bxf3 Qxf3 31. Rxe8+ Bxe8 32. Qe2 Qxe2 33. Nxe2 Bg6 34.
Bf4 Bd3 35. Nc1 Bxf4 36. gxf4 Bc4 37. Kg3 Kf7 38. f5 Ke7 39. h4 Kd7 40. Kf3 Kc7
41. Ne2 Bxe2+ 42. Kxe2 h5 43. Kd3 b6 44. cxb6+ Kxb6 45. Kc3 Ka6 46. Kb3 Kb5 47.
f3 Kb6 48. Ka4 Ka6 49. Ka3 Kb5 50. Kb3 Kb6 51. Kc3 Ka6 52. Kb2 Kb6 53. Kc3 Ka6
54. Kb2 Kb5 55. Kb3 Ka6 56. Kb2 {Game drawn by repetition} 1/2-1/2

[Event "Team 45 45 League T24"]
[Site "Internet Chess Club"]
[Date "2004.10.11"]
[Round "5"]
[White "BillyNoMates"]
[Black "Zornorph"]
[Result "0-1"]
[WhiteElo "1719"]
[BlackElo "1924"]
[TimeControl "2700+45"]

1. e4 e5 2. Nf3 Nf6 3. Nxe5 d6 4. Nf3 Nxe4 5. d3 Nf6 6. Qe2+ Qe7 7. Bg5 Qxe2+ 8.
Bxe2 Be7 9. O-O O-O 10. Nc3 c6 11. Ne4 Nbd7 12. Bf4 Nxe4 13. dxe4 Nf6 14. Bd3
Bg4 15. Nd2 Rfe8 16. Rfe1 Bh5 17. f3 Bg6 18. Rad1 d5 19. e5 Nh5 20. Be3 Bxd3 21.
cxd3 g6 22. d4 Ng7 23. g4 f5 24. a3 Rf8 25. Bh6 Rf7 26. Bxg7 Kxg7 27. Nb3 fxg4
28. fxg4 Raf8 29. Rf1 Rf4 30. Rxf4 Rxf4 31. h3 Rf3 32. Na5 Rxh3 33. Kg2 Re3 34.
Kf2 Bg5 35. Nxb7 Rb3 36. Nc5 Rxb2+ 37. Kf3 Be7 38. Rc1 Kf7 39. a4 Rb4 40. Rf1
Bxc5 41. dxc5 Ke6 42. Rh1 Rxa4 43. Rxh7 Ra5 44. Rg7 Rxc5 45. Rxa7 Kxe5 46. Rg7
Kf6 47. Rd7 Rc4 48. Rd8 Kg5 49. Rd6 d4 50. Ke4 c5 51. Kd3 Rc1 52. Kd2 Rc3 53.
Re6 c4 54. Re4 Rd3+ 55. Kc2 Kh4 56. Re6 g5 57. Rc6 Rc3+ 58. Kd2 Kxg4 59. Rg6 Kf5
60. Rg8 g4 61. Rf8+ Ke4 62. Re8+ Kf3 63. Rf8+ Kg2 64. Rg8 g3 65. Rg7 Kf2 66.
Rf7+ Rf3 67. Re7 Rd3+ 68. Kc2 g2 {White resigns} 0-1

[Event "Team 45 45 League T24"]
[Site "Internet Chess Club"]
[Date "2004.10.08"]
[Round "5"]
[White "Knight77"]
[Black "Malcolm"]
[Result "0-1"]
[WhiteElo "1830"]
[BlackElo "1727"]
[TimeControl "2700+45"]

1. d4 d5 2. c4 e6 3. Nc3 c5 4. e3 Nf6 5. Nf3 Nc6 6. b3 Ne4 7. Nxe4 dxe4 8. Nd2
cxd4 9. Nxe4 dxe3 10. Qxd8+ Nxd8 11. Bxe3 Bb4+ 12. Kd1 O-O 13. Kc2 b6 14. a3 Be7
15. Be2 e5 16. Rhd1 Ne6 17. Bf3 Rb8 18. Nd6 Nd4+ 19. Bxd4 Bxd6 20. Bc3 Bf5+ 21.
Kb2 Rbd8 22. Bd5 Rfe8 23. Rd2 Kf8 24. Rad1 f6 25. Bc6 Re6 26. Rxd6 Rexd6 27. Bb4
Ke7 28. c5 Rxd1 29. cxb6+ Kf7 30. bxa7 Rb1+ 31. Ka2 Rdd1 32. Bc3 Bc2 33. Bd5+
Rxd5 34. a8=Q Rdd1 35. Bb2 Bf5 36. Qa5 Rd3 37. Qc7+ Rd7 38. Qc3 Rbd1 39. a4 R1d3
40. Qc5 Be6 41. Bc3 Rb7 42. Bb4 Rxb3 43. Qf8+ Kg6 44. Qd6 R3xb4+ 45. Qxe6 Rxa4#
{White checkmated} 0-1

[Event "Team 45 45 League T24"]
[Site "Internet Chess Club"]
[Date "2004.10.13"]
[Round "5"]
[White "Anicca"]
[Black "Zillmer"]
[Result "1-0"]
[WhiteElo "2243"]
[BlackElo "2134"]
[TimeControl "2700+45"]

1. d4 d5 2. c4 e6 3. Nc3 Nf6 4. Bg5 Be7 5. Nf3 O-O 6. e3 Nbd7 7. Bd3 Re8 8. O-O
h6 9. Bh4 c5 10. cxd5 exd5 11. Rc1 cxd4 12. Nxd4 Ne5 13. Bb1 Ng6 14. Bg3 Bd7 15.
Ncb5 Qb6 16. Nc7 Qxb2 17. Nxa8 Rxa8 18. Qb3 Qxb3 19. axb3 Ne4 20. Rc7 Nxg3 21.
hxg3 Ne5 22. Rxb7 Bc5 23. Bf5 Bxd4 24. Bxd7 Bb6 25. Rd1 Nxd7 26. Rxd7 Rd8 27.
Rxd8+ Bxd8 28. Rxd5 Bb6 29. Kf1 g6 30. Ke2 Kg7 31. Rd7 Kf6 32. Kd3 Ke6 33. Rb7
f5 34. Kc4 Ke5 35. b4 {Black resigns} 1-0

[Event "Team 45 45 League T24"]
[Site "Internet Chess Club"]
[Date "2004.10.10"]
[Round "5"]
[White "siddhu"]
[Black "Sergio56"]
[Result "0-1"]
[WhiteElo "1815"]
[BlackElo "1897"]
[TimeControl "2700+45"]

1. e4 c5 2. Nf3 e6 3. d4 cxd4 4. Nxd4 Qb6 5. Nc3 Bc5 6. Na4 Qa5+ 7. Nc3 Qb6 8.
Na4 Qa5+ 9. Nc3 Bb4 10. Bd2 Nc6 11. Nb3 Qb6 12. a3 Be7 13. Be3 Qc7 14. Nd4 a6
15. Nxc6 bxc6 16. Be2 Nf6 17. Qd2 d5 18. exd5 cxd5 19. Qd4 e5 20. Qb6 Qxb6 21.
Bxb6 Rb8 22. Bc7 Rxb2 23. Bxe5 Rxc2 24. Kd1 Bf5 25. Rc1 Rxc1+ 26. Kxc1 O-O 27.
Bxf6 Bxf6 28. Nxd5 Rc8+ 29. Kd2 Rd8 {White resigns} 0-1

[Event "Team 45 45 League T24"]
[Site "Internet Chess Club"]
[Date "2004.10.09"]
[Round "5"]
[White "Egmont"]
[Black "fernbap"]
[Result "0-1"]
[WhiteElo "1753"]
[BlackElo "1738"]
[TimeControl "2700+5"]

1. e4 c5 2. Nf3 e6 3. d4 cxd4 4. Nxd4 a6 5. Bc4 b5 6. Bd3 Bb7 7. O-O Qc7 8. Be3
Nf6 9. Nd2 d5 10. exd5 Bxd5 11. a4 b4 12. N2f3 Bd6 13. Bg5 Nbd7 14. Qe2 O-O 15.
Bxa6 Ne4 16. Nb5 Qb6 17. Nxd6 Nxg5 18. Nxg5 Rxa6 19. Qd3 Nf6 20. Nb5 h6 21. Nf3
Be4 22. Qb3 Qc5 23. Rfc1 Bc6 24. Nfd4 Bd5 25. Qe3 Bc4 26. Qf3 e5 27. Qb7 Rb6 28.
Qa7 exd4 29. a5 Rxb5 {White resigns} 0-1

[Event "Team 45 45 League T24"]
[Site "Internet Chess Club"]
[Date "2004.10.11"]
[Round "5"]
[White "TrueBraveheart"]
[Black "fernbap"]
[Result "0-1"]
[WhiteElo "1599"]
[BlackElo "1750"]
[TimeControl "2700+45"]

1. e4 c5 2. d4 e6 3. Nf3 Qc7 4. Bd3 a6 5. a4 Nc6 6. c3 d5 7. exd5 exd5 8. O-O
Be7 9. Re1 c4 10. Bc2 Nf6 11. Bg5 O-O 12. b3 Bg4 13. bxc4 dxc4 14. h3 Bh5 15.
Na3 Nd5 16. Bxe7 Ncxe7 17. g4 Bg6 18. Bxg6 fxg6 19. Ne5 Nxc3 20. Qc2 Ned5 21.
Naxc4 b5 22. axb5 axb5 23. Nd2 Ne2+ {White resigns} 0-1

[Event "Team 45 45 League T24"]
[Site "Internet Chess Club"]
[Date "2004.10.10"]
[Round "5"]
[White "gessie7"]
[Black "Lyko"]
[Result "1-0"]
[WhiteElo "1634"]
[BlackElo "1560"]
[TimeControl "2700+45"]

1. e4 e5 2. Nf3 Nc6 3. Bc4 Bc5 4. Nc3 a6 5. d3 h6 6. a3 d6 7. b4 Ba7 8. h3 Nf6
9. Be3 Bxe3 10. fxe3 Be6 11. Nd5 b5 12. Ba2 O-O 13. O-O Nh7 14. Qe1 Ne7 15. Qg3
c6 16. Nxe7+ Qxe7 17. Bxe6 fxe6 18. d4 exd4 19. exd4 Rf7 20. Nh4 Rxf1+ 21. Rxf1
Rf8 22. Ng6 Rxf1+ 23. Kxf1 Qf6+ 24. Ke2 Ng5 25. Nf4 Nxe4 26. Qe3 d5 27. Nd3 Qg6
28. g4 h5 29. Ne5 Nc3+ 30. Qxc3 {Black resigns} 1-0

[Event "Team 45 45 League T24"]
[Site "Internet Chess Club"]
[Date "2004.10.06"]
[Round "5"]
[White "olymon"]
[Black "ogoon"]
[Result "0-1"]
[WhiteElo "1350"]
[BlackElo "1514"]
[TimeControl "2700+45"]

1. e4 e6 2. Nf3 c5 3. b3 Nc6 4. Nc3 Nf6 5. Bb5 a6 6. Bxc6 bxc6 7. d3 d5 8. e5 d4
9. exf6 dxc3 10. fxg7 Bxg7 11. O-O Qc7 12. Ng5 h6 13. Ne4 Qe7 14. f4 Bd4+ 15.
Kh1 f5 16. Ng3 Bd7 17. Qf3 O-O-O 18. Ba3 Rdg8 19. Rae1 Rg4 20. Nxf5 Qf6 21. Nxd4
Rhg8 22. Nxc6 Rxg2 23. Na7+ Kb8 24. Bxc5 Qh4 25. Nc6+ Bxc6 26. Bd6+ Kb7 27. Qxg2
Bxg2+ 28. Kg1 Bxf1+ 29. Kxf1 Qxh2 {White resigns} 0-1

[Event "Team 45 45 League T24"]
[Site "Internet Chess Club"]
[Date "2004.10.10"]
[Round "5"]
[White "JesterFox"]
[Black "sdcohle"]
[Result "1-0"]
[WhiteElo "1505"]
[BlackElo "1340"]
[TimeControl "2700+45"]

1. c4 Nf6 2. Nc3 Nc6 3. g3 g6 4. Bg2 Bg7 5. e3 O-O 6. Nge2 Ne5 7. d3 d6 8. O-O
Rb8 9. b3 Be6 10. d4 Nxc4 11. bxc4 Bxc4 12. Re1 Qd7 13. Qc2 Be6 14. Nf4 Bf5 15.
e4 Bg4 16. Be3 Bh6 17. f3 Bxf4 18. Bxf4 Bh3 19. Rad1 Bxg2 20. Kxg2 Kg7 21. e5
Nh5 22. Bc1 Kg8 23. Bg5 dxe5 24. dxe5 Qc6 25. Qb3 e6 26. Ne4 Kg7 27. Qe3 Kg8 28.
Nf6+ Kh8 29. Nxh5 gxh5 30. Bf6+ Kg8 31. Qg5# {Black checkmated} 1-0

[Event "Team 45 45 League T24"]
[Site "Internet Chess Club"]
[Date "2004.10.10"]
[Round "5"]
[White "rph"]
[Black "swingdoc"]
[Result "1-0"]
[WhiteElo "1758"]
[BlackElo "1654"]
[TimeControl "2700+45"]

1. d4 d5 2. c4 Nc6 3. Nc3 dxc4 4. d5 Ne5 5. f4 Ng4 6. e4 e6 7. Qxg4 exd5 8. Qh5
d4 9. Bxc4 Qe7 10. Nd5 Qxe4+ 11. Qe2 Qxe2+ 12. Nxe2 {Black resigns} 1-0

[Event "Team 45 45 League T24"]
[Site "Internet Chess Club"]
[Date "2004.10.08"]
[Round "5"]
[White "jmc860"]
[Black "hoyd"]
[Result "1-0"]
[WhiteElo "1581"]
[BlackElo "1604"]
[TimeControl "2700+45"]

1. e4 c5 2. Nc3 Nc6 3. g3 g6 4. Bg2 Bg7 5. Nge2 Rb8 6. O-O b5 7. d3 b4 8. Nd5 e6
9. Ne3 Nge7 10. a3 a5 11. Nc4 O-O 12. c3 Ba6 13. Nd6 Qc7 14. Nc4 Bxc4 15. dxc4
Ne5 16. Bf4 N7c6 17. Nc1 d6 18. Bxe5 Nxe5 19. Qe2 Qb6 20. a4 bxc3 21. bxc3 Qb2
22. Qxb2 Rxb2 23. Rd1 Nxc4 24. Bf1 Nd2 25. Nd3 Rc2 26. Ne1 Rb2 27. Nd3 Nc4 28.
Nxb2 Nxb2 29. Rxd6 Bxc3 30. Bb5 Nc4 31. Rc1 Nxd6 32. Rxc3 Rc8 33. f3 Kf8 34. Kf2
Ke7 35. Ke3 e5 36. h3 f5 37. Rc2 c4 38. exf5 gxf5 39. f4 e4 40. Kd4 h5 41. Bxc4
Rxc4+ 42. Rxc4 Nxc4 43. Kxc4 Kd6 44. Kd4 Ke6 45. g4 hxg4 46. hxg4 fxg4 47. Kxe4
g3 48. Kf3 g2 49. Kxg2 Kf5 50. Kf3 Kf6 51. Ke4 Ke6 52. Kd4 Kf5 53. Kc5 Kxf4 54.
Kb5 Ke5 55. Kxa5 Kd6 56. Kb6 Kd7 57. Kb7 Kd8 58. a5 Kd7 59. a6 Kd6 60. a7 Kc5
61. a8=Q Kd6 62. Kb6 Ke7 63. Qc6 Kd8 64. Qb7 Ke8 65. Kc6 Kf8 66. Kd6 Kg8 67. Ke6
Kf8 68. Qf7# {Black checkmated} 1-0

[Event "Team 45 45 League T24"]
[Site "Internet Chess Club"]
[Date "2004.10.12"]
[Round "5"]
[White "crankn8tr"]
[Black "forquesato"]
[Result "1/2-1/2"]
[WhiteElo "1514"]
[BlackElo "1798"]
[TimeControl "2700+45"]

1. e4 c6 2. d4 d5 3. Nc3 g6 4. Nf3 Bg7 5. h3 dxe4 6. Nxe4 Nd7 7. Bc4 Ngf6 8.
Nfg5 e6 9. Nd6+ Ke7 10. O-O Rf8 11. Bf4 Nd5 12. Bxd5 cxd5 13. Nxh7 Rh8 14. Ng5
Rf8 15. Re1 Nf6 16. Be5 b6 17. Qd3 Qd7 18. Qa3 Kd8 19. Re3 Qe7 20. f4 Ne8 21.
Nxe8 Bxe5 22. Qxe7+ Kxe7 23. fxe5 Rxe8 24. Nh7 Rh8 25. Nf6 Rh4 26. Rd1 Ba6 27.
Rc3 Rc8 28. Rxc8 Bxc8 29. c3 Ba6 30. Rd2 Bc4 31. b3 Ba6 32. Kh2 Rf4 33. Kg3 Rf1
34. Rf2 Rc1 35. Rf3 Rc2 36. Ng8+ Kf8 37. Nh6 Kg7 38. Ng4 Rxa2 39. b4 Bc4 40. Rf2
{Game drawn by mutual agreement} 1/2-1/2

[Event "Team 45 45 League T24"]
[Site "Internet Chess Club"]
[Date "2004.10.08"]
[Round "5"]
[White "Rainbird"]
[Black "JLMOE"]
[Result "1-0"]
[WhiteElo "1602"]
[BlackElo "1362"]
[TimeControl "2700+45"]

1. Nf3 e6 2. c4 Nf6 3. g3 Nc6 4. Bg2 b6 5. O-O Bb7 6. b3 Nb4 7. a3 Na6 8. Bb2 d5
9. d3 Be7 10. e3 O-O 11. Nc3 c5 12. cxd5 Nxd5 13. Nxd5 Qxd5 14. Nh4 Qd7 15. Qg4
g6 16. Nf3 Rad8 17. Ne5 Qc7 18. Rfd1 Bxg2 19. Kxg2 Bf6 20. f4 Bg7 21. Qf3 Nb8
22. Rac1 Rd5 23. e4 Rd6 24. d4 Rfd8 25. dxc5 Rd2+ 26. Kh3 Rxb2 27. cxb6 Qxb6 28.
Nc4 Qf2 29. Rxd8+ Bf8 30. Qxf2 Rxf2 31. Rxb8 f5 32. exf5 exf5 33. Ne5 g5 34.
fxg5 Re2 35. Nd7 f4 36. Rxf8+ Kg7 37. Rxf4 Kg6 38. Rf6+ Kh5 39. g4+ Kxg5 40.
Rc5+ Re5 41. Rxe5# {Black checkmated} 1-0

[Event "Team 45 45 League T24"]
[Site "Internet Chess Club"]
[Date "2004.10.15"]
[Round "5"]
[White "IAMC"]
[Black "SpanishFly"]
[Result "0-1"]
[WhiteElo "1996"]
[BlackElo "1998"]
[TimeControl "2700+45"]

1. e4 e6 2. d4 d5 3. e5 c5 4. c3 Qb6 5. Nf3 Nc6 6. a3 Nh6 7. b4 cxd4 8. cxd4 Nf5
9. Be3 f6 10. exf6 gxf6 11. Bd3 Nxe3 12. fxe3 e5 13. Nh4 Kd8 14. Nc3 Be6 15. Bf5
Bf7 16. O-O Kc7 17. Na4 Qa6 18. Bd3 b5 19. Nc3 Qb7 20. Rxf6 Kb8 21. Bxb5 Nd8 22.
Nf5 a6 23. Ba4 e4 24. b5 a5 25. b6 Ra6 26. Bb5 Rg8 27. Bxa6 Qxa6 28. Qe2 Qc8 29.
Qc4 Qxc4 {White resigns} 0-1

[Event "Team 45 45 League T24"]
[Site "Internet Chess Club"]
[Date "2004.10.10"]
[Round "5"]
[White "Rhand"]
[Black "azbycx"]
[Result "1/2-1/2"]
[WhiteElo "1886"]
[BlackElo "1885"]
[TimeControl "2700+45"]

1. e4 c5 2. Nf3 d6 3. c4 Nc6 4. d4 cxd4 5. Nxd4 a6 6. Nc3 Nf6 7. Be2 e6 8. Be3
Be7 9. Qd2 Bd7 10. O-O Qc7 11. f3 Ne5 12. b3 O-O 13. Rac1 Rfc8 14. Rfd1 Qa5 15.
Nd5 Qxd2 16. Nxe7+ Kf8 17. Rxd2 Kxe7 18. Rdc2 Nc6 19. Kf2 Nb4 20. Rb2 Nc6 21.
Rbc2 Nb4 22. Rb2 Nc6 23. Rbc2 {Game drawn by repetition} 1/2-1/2

[Event "Team 45 45 League T24"]
[Site "Internet Chess Club"]
[Date "2004.10.10"]
[Round "5"]
[White "elnik"]
[Black "Bydlo"]
[Result "1/2-1/2"]
[WhiteElo "1928"]
[BlackElo "1847"]
[TimeControl "2700+45"]

1. d4 Nf6 2. c4 g6 3. Nc3 Bg7 4. e4 d6 5. Nf3 O-O 6. Be2 e5 7. O-O Nc6 8. d5 Ne7
9. b4 Nh5 10. Re1 f5 11. Ng5 Nf4 12. Bf1 h6 13. Nf3 fxe4 14. Nxe4 Bg4 15. Rb1
Qd7 16. Bxf4 Rxf4 17. Qd3 Bxf3 18. gxf3 Raf8 19. Bg2 Nf5 20. Nd2 Nh4 21. Re4 Qf5
22. Rbe1 Qg5 23. Qf1 Nxf3+ 24. Nxf3 Rxf3 25. R1e2 R3f4 26. Qc1 Qf5 27. Qe3 b6
28. Rxf4 Qxf4 29. Qxf4 Rxf4 30. Rc2 Bf6 31. Kf1 Kf8 32. f3 Bg5 33. Ke2 Ke7 34.
Kd3 Rd4+ 35. Kc3 Bf4 36. h3 Bg3 37. Re2 Bf4 38. Kb3 Rd1 39. Rc2 {Game drawn by
mutual agreement} 1/2-1/2

[Event "Team 45 45 League T24"]
[Site "Internet Chess Club"]
[Date "2004.10.11"]
[Round "5"]
[White "donking"]
[Black "deathmage"]
[Result "1/2-1/2"]
[WhiteElo "1768"]
[BlackElo "1718"]
[TimeControl "2700+45"]

1. c4 c5 2. Nc3 Nc6 3. Nf3 d6 4. g3 Nf6 5. Bg2 e6 6. O-O g6 7. d3 Bg7 8. Rb1 a5
9. a3 O-O 10. Bg5 Qd7 11. Qc1 Rb8 12. Bh6 b6 13. Bxg7 Kxg7 14. Qg5 Bb7 15. h4 h6
16. Qd2 Nd4 17. e4 e5 18. Nxd4 cxd4 19. Ne2 Ba6 20. b4 axb4 21. Rxb4 b5 22. Rfb1
Rb7 23. Nxd4 bxc4 24. Rxb7 Bxb7 25. dxc4 exd4 26. e5 dxe5 27. Rxb7 Qa4 28. Qd3
Qa6 29. f4 exf4 30. Qxd4 Qxa3 31. Rb6 Qe7 32. Qxf4 Qc5+ 33. Qf2 Qxf2+ 34. Kxf2
Rc8 35. Rb4 Ng4+ 36. Kg1 Ne5 37. Bd5 Rc7 38. Kg2 Kf6 39. Kh3 Ke7 40. Rb1 f6 41.
Rf1 Rc8 42. Re1 Kf8 43. Rc1 Ke7 44. g4 g5 45. Re1 Kf8 46. hxg5 hxg5 47. Rc1 Ke7
48. Kg3 Kd6 49. Rd1 Ke7 50. Rd4 Rc7 51. Rd1 Rc8 {Game drawn by mutual agreement}
1/2-1/2

[Event "Team 45 45 League T24"]
[Site "Internet Chess Club"]
[Date "2004.10.08"]
[Round "5"]
[White "trikmamak"]
[Black "Catalog"]
[Result "1-0"]
[WhiteElo "2210"]
[BlackElo "2131"]
[TimeControl "2700+45"]

1. e4 d5 2. exd5 Qxd5 3. Nc3 Qa5 4. d4 c6 5. Nf3 Bf5 6. Bc4 e6 7. Ne5 Nf6 8. Bd2
Bb4 9. g4 Bg6 10. Qe2 Nbd7 11. Nxg6 hxg6 12. O-O-O Bxc3 13. Bxc3 Qg5+ 14. Kb1
Qxg4 15. f3 Qf5 16. Bd3 Qd5 17. b3 O-O-O 18. Bb2 Rh3 19. Rdf1 Rdh8 20. c4 Qh5
21. Rf2 g5 22. d5 cxd5 23. cxd5 Nxd5 24. Bxg7 Rg8 25. Be5 g4 26. Rc1+ Kd8 27.
Bd6 Rxf3 28. Qc2 N7b6 29. Bc7+ Kd7 30. Qc5 Nc3+ 31. Qxc3 Rxf2 32. Bxb6 axb6 33.
Qc7+ Ke8 34. Qd6 f5 35. Qxe6+ Kf8 36. Qf6+ {Black forfeits on time} 1-0

[Event "Team 45 45 League T24"]
[Site "Internet Chess Club"]
[Date "2004.10.09"]
[Round "5"]
[White "EdBorowski"]
[Black "DavidBarnsley"]
[Result "1-0"]
[WhiteElo "2066"]
[BlackElo "2034"]
[TimeControl "2700+45"]

1. Nf3 e6 2. d4 f5 3. Bg5 Be7 4. Bxe7 Qxe7 5. e3 Nf6 6. Bc4 d5 7. Bb3 Nbd7 8.
Nbd2 O-O 9. Qe2 a5 10. c3 b6 11. Bc2 Ba6 12. Bd3 Bxd3 13. Qxd3 Ne4 14. Rc1 Rad8
15. O-O e5 16. c4 Nxd2 17. Nxd2 c5 18. cxd5 e4 19. Qb3 Qd6 20. Rfd1 cxd4 21. Nc4
Qxd5 22. Rxd4 Qf7 23. Rcd1 Rc8 24. Rxd7 Qxc4 25. Qxb6 Rf6 26. Qb7 Rg6 27. Rd8+
{Black resigns} 1-0

[Event "Team 45 45 League T24"]
[Site "Internet Chess Club"]
[Date "2004.10.11"]
[Round "5"]
[White "boffin"]
[Black "nakedking"]
[Result "1-0"]
[WhiteElo "2015"]
[BlackElo "1903"]
[TimeControl "2700+45"]

1. e4 c5 2. Nc3 Nc6 3. f4 e6 4. Nf3 Nge7 5. Bb5 Qc7 6. d3 a6 7. Bxc6 Nxc6 8. O-O
Be7 9. Ne2 d5 10. c3 b5 11. Qe1 dxe4 12. dxe4 O-O 13. Be3 f5 14. e5 Rd8 15. Qf2
c4 16. Bb6 Qd7 17. Bxd8 Qxd8 18. Rfd1 Qc7 19. Rd2 Bb7 20. Rad1 Rd8 21. Rxd8+
Nxd8 22. Kh1 Bd5 23. Ned4 Nb7 24. Nxf5 Bf8 25. N5d4 Nc5 26. Ne1 Qb7 27. Ndf3 Ne4
28. Qe2 Bc5 29. Nd4 a5 30. a3 b4 31. axb4 axb4 32. Qc2 b3 33. Qe2 Qa8 34. Nef3
Qa2 35. Ng5 Nxg5 36. fxg5 Bxd4 37. Rxd4 Qb1+ 38. Rd1 Qf5 39. h4 Qh3+ 40. Kg1
Qxh4 41. Qe3 Qg4 42. Rd2 Qe4 43. Qxe4 Bxe4 44. Rd7 Kf8 45. Kf2 h6 46. gxh6 gxh6
47. g4 Ke8 48. Rc7 Bd3 49. Kg3 Kd8 50. Ra7 Ke8 51. Kh4 Be4 52. g5 hxg5+ 53. Kxg5
Bd5 54. Kf6 Kf8 55. Re7 Kg8 56. Rxe6 Kf8 57. Rd6 Bf7 58. Rd8+ Be8 59. e6 {Black
resigns} 1-0

[Event "Team 45 45 League T24"]
[Site "Internet Chess Club"]
[Date "2004.10.17"]
[Round "5"]
[White "jks2000"]
[Black "gartman"]
[Result "1-0"]
[WhiteElo "1658"]
[BlackElo "1708"]
[TimeControl "2700+45"]

1. c4 Nf6 2. g3 e5 3. Bg2 Nc6 4. Nc3 Bb4 5. a3 Bxc3 6. bxc3 O-O 7. e4 d6 8. Ne2
Nh5 9. O-O f5 10. d3 Nf6 11. Bg5 h6 12. Bxf6 Qxf6 13. f4 exf4 14. Rxf4 Qg5 15.
exf5 Bxf5 16. Bd5+ Kh8 17. Qf1 Rae8 18. g4 Rxe2 19. Qxe2 Qxf4 20. Rf1 Qg5 21.
Rxf5 Rxf5 22. Qe8+ Kh7 23. Bg8+ Kh8 24. Bf7+ {Black resigns} 1-0

[Event "Team 45 45 League T24"]
[Site "Internet Chess Club"]
[Date "2004.10.09"]
[Round "5"]
[White "PostMike"]
[Black "MythicLegend"]
[Result "1-0"]
[WhiteElo "1604"]
[BlackElo "1552"]
[TimeControl "2700+45"]

1. e4 d5 2. exd5 Nf6 3. d4 Bg4 4. Bb5+ Nbd7 5. f3 Bf5 6. c4 a6 7. Ba4 b5 8. cxb5
Nxd5 9. bxa6 Rxa6 10. Nc3 Nxc3 11. bxc3 Qa8 12. Bb3 Qc6 13. Ne2 Be6 14. d5 Bxd5
15. Bxd5 Qb5 16. O-O Rd6 17. c4 Qc5+ 18. Kh1 c6 19. Bf4 e5 20. Bg3 cxd5 21. cxd5
Rxd5 22. Qa4 Bd6 23. Rfc1 Qe3 24. Qa8+ Ke7 25. Qxh8 Qxe2 26. Qxg7 Rd2 27. Rg1
Bc5 28. Rae1 Rd1 29. Rxd1 Bxg1 30. Rxg1 {Black resigns} 1-0

[Event "Team 45 45 League T24"]
[Site "Internet Chess Club"]
[Date "2004.10.10"]
[Round "5"]
[White "ebattousai"]
[Black "chesskix"]
[Result "1-0"]
[WhiteElo "1596"]
[BlackElo "1501"]
[TimeControl "2700+45"]

1. e4 c5 2. d4 cxd4 3. c3 dxc3 4. Nxc3 e6 5. Nf3 Bb4 6. Bc4 Nc6 7. O-O Nf6 8.
Bg5 Be7 9. Qe2 O-O 10. e5 Ne8 11. Bd2 d6 12. exd6 Nxd6 13. Bd3 a6 14. g3 Bd7 15.
h4 Nb4 16. Bxh7+ Kxh7 17. Ng5+ Kg8 18. Qh5 Bxg5 19. hxg5 g6 20. Qh6 Nf5 21. Qh2
Nc2 22. Ne4 Kg7 23. Bc3+ f6 24. gxf6+ Kf7 25. Qh7+ Ke8 26. Qxg6+ Rf7 27. Qg8+
Rf8 28. f7+ Ke7 29. Bf6# {Black checkmated} 1-0

[Event "Team 45 45 League T24"]
[Site "Internet Chess Club"]
[Date "2004.10.10"]
[Round "5"]
[White "Eatfatty"]
[Black "Gomer"]
[Result "1-0"]
[WhiteElo "1495"]
[BlackElo "1290"]
[TimeControl "2700+45"]

1. d4 Nf6 2. c4 e6 3. Nc3 Bb4 4. Qc2 O-O 5. Bg5 h6 6. Bxf6 Qxf6 7. e3 d5 8. Nf3
Nc6 9. cxd5 exd5 10. Bd3 g6 11. O-O Bg4 12. Be2 Ne7 13. a3 Bd6 14. Qb3 Bxf3 15.
Bxf3 b6 16. Nxd5 Nxd5 17. Bxd5 Rad8 18. Bf3 h5 19. Qc2 h4 20. h3 c5 21. dxc5
bxc5 22. Rfd1 Qe5 23. Kf1 Rd7 24. Rd5 Qe6 25. Rad1 Rfd8 26. Qc4 Rc8 27. Qxh4 Qe7
28. Qxe7 Rxe7 29. Rxd6 Ree8 30. Rd7 a5 31. Ra7 Red8 32. Rxd8+ Rxd8 33. Ke1 Rb8
34. Rb7 Rc8 35. Kd2 Kg7 36. Kc3 {Black resigns} 1-0

[Event "Team 45 45 League T24"]
[Site "Internet Chess Club"]
[Date "2004.10.11"]
[Round "5"]
[White "az2112"]
[Black "doobedoo"]
[Result "0-1"]
[WhiteElo "1711"]
[BlackElo "1769"]
[TimeControl "2700+45"]

1. e4 c5 2. Nf3 Nc6 3. d4 cxd4 4. Nxd4 Nf6 5. Nc3 e5 6. Ndb5 d6 7. Bg5 a6 8. Na3
b5 9. Nd5 Be7 10. Bxf6 Bxf6 11. c3 O-O 12. Be2 Bg5 13. O-O Kh8 14. Nc2 f5 15.
exf5 Bxf5 16. f4 exf4 17. Nxf4 Bxc2 18. Qxc2 Bxf4 19. Qe4 Qb6+ 20. Kh1 Be5 21.
Bd3 g6 22. Qh4 Kg7 23. Be4 Rxf1+ 24. Rxf1 Re8 25. Bd5 Nd8 26. Qh3 Qc7 27. g4 Qe7
{White resigns} 0-1

[Event "Team 45 45 League T24"]
[Site "Internet Chess Club"]
[Date "2004.10.10"]
[Round "5"]
[White "Pick"]
[Black "Sota"]
[Result "1/2-1/2"]
[WhiteElo "1648"]
[BlackElo "1700"]
[TimeControl "2700+45"]

1. d4 d5 2. Nf3 Nf6 3. e3 g6 4. Bd3 Bg7 5. Nbd2 Nbd7 6. O-O O-O 7. Re1 c5 8. c3
Re8 9. e4 dxe4 10. Nxe4 cxd4 11. cxd4 Nxe4 12. Bxe4 Nf6 13. Bc2 b6 14. h3 Bb7
15. Be3 Nd5 16. Bd2 Rc8 17. Rc1 e6 18. Ba4 Re7 19. Qe2 Rec7 20. g3 Rxc1 21. Rxc1
Rxc1+ 22. Bxc1 Qc7 23. Bd2 a6 24. Qd3 b5 25. Bd1 Qd6 26. a3 Nb6 27. Bf4 Qc6 28.
h4 Nd5 29. Bd2 Nf6 30. Qc3 Nd5 31. Qxc6 Bxc6 32. Ne5 Bxe5 33. dxe5 h5 34. f4 Kf8
35. Bf3 Ke7 36. Kg2 Kd7 37. b4 Ne7 38. Be3 Nf5 39. Bxc6+ Kxc6 40. Bc5 Kd5 {Game
drawn by mutual agreement} 1/2-1/2